 Dungeon Crawl Stone Soup version 0.21-a0-78-g82a99e0 (webtiles) character file.

1079 uglyjohn the Conjurer (level 8, -1/41 HPs)
             Began as a Deep Elf Fire Elementalist on June 19, 2017.
             Slain by a troll (7 damage)
             ... on level 6 of the Dungeon on June 20, 2017.
             The game lasted 00:12:29 (5239 turns).

uglyjohn the Conjurer (Deep Elf Fire Elementalist)  Turns: 5239, Time: 00:12:30

Health: -1/41      AC:  5    Str:  5    XL:     8   Next: 8%
Magic:  9/18       EV: 15    Int: 23    God:
Gold:   251        SH:  0    Dex: 15    Spells: 13/17 levels left

rFire    . . .     SeeInvis .   j - +3 short sword (drain)
rCold    . . .     Gourm    .   (no shield)
rNeg     . . .     Faith    .   a - +0 robe
rPois    .         Spirit   .   (no helmet)
rElec    .         Reflect  .   (no cloak)
rCorr    .         Harm     .   (no gloves)
MR       .....                  (no boots)
Stlth    ++........             (no amulet)
HPRegen  0.13/turn              q - +3 ring of protection
MPRegen  0.16/turn              t - +2 ring of evasion

@: lethally poisoned (-1 -> -20)
A: no striking features
a: no special abilities


You were on level 6 of the Dungeon.
You were hungry.

You visited 1 branch of the dungeon, and saw 6 of its levels.

You collected 251 gold pieces.

Inventory:

Hand Weapons
 j - a +3 short sword of draining (weapon)
 z - a +2 whip of freezing
Armour
 a - a +0 robe (worn)
Jewellery
 q - a +3 ring of protection (left hand)
 t - a +2 ring of evasion (right hand)
Wands
 g - a wand of random effects (13/48)
 x - a wand of polymorph (13/24)
 y - a wand of flame (7/48)
Scrolls
 h - 4 scrolls of teleportation
 k - a scroll of enchant weapon
 m - a scroll of identify
 n - 2 scrolls of remove curse {unknown}
 s - 2 scrolls of fear {unknown}
 u - 2 scrolls of enchant armour {unknown}
 B - a scroll of fog {unknown}
Potions
 l - a potion of flight {unknown}
 o - 2 potions of curing
 p - a potion of berserk rage
 v - 2 potions of mutation
 w - a potion of resistance {unknown}
 A - 2 potions of brilliance {unknown}
 D - a potion of agility {unknown}
Books
 b - a book of Flames

   Spells                             Type                      Level
   a - Flame Tongue                   Conjuration/Fire             1
   b - Throw Flame                    Conjuration/Fire             2
   c - Conjure Flame                  Conjuration/Fire             3
   d - Inner Flame                    Hexes/Fire                   3
   e - Sticky Flame                   Conjuration/Fire             4
   f - Fireball                       Conjuration/Fire             5
Comestibles
 c - 3 bread rations
 f - a fruit
 r - 5 meat rations


   Skills:
 - Level 2.4 Dodging
 - Level 2.4 Stealth
 + Level 5.4 Spellcasting
 + Level 7.8 Conjurations
 - Level 6.5 Fire Magic


You had 13 spell levels left.
You knew the following spells:

 Your Spells              Type           Power        Failure   Level  Hunger
a - Flame Tongue          Conj/Fire      #####        1%          1    None
b - Conjure Flame         Conj/Fire      #####...     1%          3    ##.....


Dungeon Overview and Level Annotations

Branches:
Dungeon (6/15)
 Temple: D:4-7

Altars:
Elyvilon
Fedhas
Qazlal
Sif Muna

Annotations:
D:3 Sigmund


Message History

Aim: Eustachio, wielding a rapier of venom and wearing a leather armour (severely wounded)
The flame tongue hits Eustachio.
Eustachio is almost dead.
You feel sick. Eustachio hits you but does no damage.
You are more poisoned.
The troll bites you. The troll claws you! The troll completely misses you.
Casting: Flame Tongue
Confirm with . or Enter, or press ? or * to list all spells.
Aiming: Flame Tongue
Press: ? - help, Shift-Dir - straight line, f/p - Eustachio
Aim: Eustachio, wielding a rapier of venom and wearing a leather armour (almost dead)
The flame tongue hits Eustachio.
You kill Eustachio!
Your Spellcasting skill increases to level 5!
You have reached level 8!
You feel clever.
You feel sick. The troll closely misses you. The troll claws you!
* * * LOW HITPOINT WARNING * * *
The troll claws you!
You die...

. .. ... .
..#########..
...
>..........
.....#.)....#
......T@#
.....##..#
!.. ....# #
.....#
###....
#.#...
#+#.... ...##


You could see a troll.

Vanquished Creatures
  Pikel (D:4)
  Eustachio (D:6)
  Edmund (D:5)
  Blork the orc (D:5)
  Jessica (D:2)
  An iguana (D:5)
  Ijyb (D:5)
  2 worker ants
  6 adders
  4 gnolls (D:3)
  A shadow imp (D:5)
  2 oozes
  2 worms
  2 dart slugs
  2 leopard geckos (D:1)
  4 orcs
  A ball python (D:4)
  4 giant cockroaches
  2 goblins
  8 hobgoblins
  5 jackals
  7 kobolds
  5 bats
  5 frilled lizards
  A quokka skeleton (D:5)
  7 rats
77 creatures vanquished.

Vanquished Creatures (others)
  A fungus (D:3)
1 creature vanquished.

Grand Total: 78 creatures vanquished

Notes
Turn   | Place    | Note
-------+----------+-------------------------------------------
     0 | D:1      | uglyjohn the Deep Elf Fire Elementalist began the quest for the Orb.
     0 | D:1      | Reached XP level 1. HP: 10/10 MP: 6/6
   166 | D:1      | Reached skill level 2 in Conjurations
   205 | D:1      | Reached XP level 2. HP: 12/15 MP: 4/8
   508 | D:1      | Reached skill level 3 in Conjurations
   926 | D:1      | Reached XP level 3. HP: 19/19 MP: 5/9
   932 | D:1      | Upgraded the game from 0.21-a0-71-g5e5ddd2 to 0.21-a0-78-g82a99e0
  1240 | D:2      | Learned a level 3 spell: Conjure Flame
  1760 | D:2      | Noticed Jessica
  1766 | D:2      | Killed Jessica
  1766 | D:2      | Reached XP level 4. HP: 24/24 MP: 4/10
  1834 | D:2      | Found a white marble altar of Elyvilon.
  2006 | D:3      | Reached skill level 4 in Conjurations
  2185 | D:3      | Noticed Sigmund
  2281 | D:3      | Reached XP level 5. HP: 19/28 MP: 1/11
  2805 | D:3      | Found a blossoming altar of Fedhas.
  3154 | D:4      | Noticed Pikel
  3154 | D:4      | Noticed a slave
  3154 | D:4      | Noticed a slave
  3154 | D:4      | Noticed a slave
  3158 | D:4      | Noticed a slave
  3175 | D:4      | Killed Pikel
  3175 | D:4      | Reached skill level 6 in Conjurations
  3175 | D:4      | Reached XP level 6. HP: 18/32 MP: 2/12
  3175 | D:4      | Reached XP level 7. HP: 20/36 MP: 2/13
  3695 | D:5      | Entered Level 5 of the Dungeon
  3792 | D:5      | Found a deep blue altar of Sif Muna.
  3905 | D:5      | Found a stormy altar of Qazlal.
  3907 | D:5      | Noticed an air elemental
  3908 | D:5      | Noticed a water elemental
  3908 | D:5      | Noticed a fire elemental
  3909 | D:5      | Noticed Blork the orc
  3923 | D:5      | Killed Blork the orc
  3923 | D:5      | Reached skill level 7 in Conjurations
  4122 | D:5      | Noticed Ijyb
  4133 | D:5      | Killed Ijyb
  4510 | D:5      | Noticed Edmund
  5094 | D:5      | Killed Edmund
  5231 | D:6      | Noticed Eustachio
  5231 | D:6      | Noticed a troll
  5239 | D:6      | Killed Eustachio
  5239 | D:6      | Reached skill level 5 in Spellcasting
  5239 | D:6      | Reached XP level 8. HP: 17/41 MP: 9/18
  5239 | D:6      | Slain by a troll

Vault maps used:
D:1:      roderic_lyre
D:2:      elyvilon_altar_3, uniq_jessica
D:3:      first_bread, fedhas_altar_3, uniq_sigmund, uniq_crazy_yiuf_cottage
D:4:      minmay_misc_feat_diagonals, uniq_pikel
D:5:      overflow_temple_1_default, nicolae_qazlal_style_of_elements,
          serial_bayou_pond_e, uniq_ijyb, uniq_edmund, uniq_blork_the_orc
D:6:      lemuel_round_altar, uniq_eustachio

Skill      XL: |  1  2  3  4  5  6  7 |
---------------+----------------------+-----
Conjurations   | 2 3 4 6 7 |  7.8
Fire Magic     | 4 6 |  6.5
Spellcasting   | 5 |  5.4
Dodging        | |  2.4
Stealth        | |  2.4

Action                   |  1- 3 |  4- 6 |  7- 9 || total
-------------------------+-------+-------+-------++-------
Melee: Short sword       |     5 |    11 |       ||    16
 Cast: Flame Tongue      |    72 |    61 |    66 ||   199
       Conjure Flame     |       |     7 |     1 ||     8
  Use: Scroll            |       |     3 |     6 ||     9
       Potion            |       |       |     1 ||     1
  Eat: Chunk             |     2 |     5 |     5 ||    12
       Fruit             |       |       |     1 ||     1
Armor: Robe              |     7 |     9 |     6 ||    22
Dodge: Dodged            |    22 |    29 |    36 ||    87
